% Time on Ice - BANFF WOLVES
Lines # - Real PCT - Wanted PCT - Time Play
Normal Forward
1 - 37% - 37% - 17:50
2 - 32% - 35% - 15:44
3 - 21% - 23% - 10:24
4 - 10% - 5% - 4:45
Normal Defense
1 - 37% - 36% - 17:49
2 - 30% - 31% - 14:27
3 - 29% - 23% - 14:01
4 - 5% - 10% - 2:26
PP Forward
1 - 52% - 60% - 3:50
2 - 48% - 40% - 3:29
PP Defense
1 - 57% - 60% - 4:10
2 - 43% - 40% - 3:09
PK Forward
1 - 58% - 50% - 1:09
2 - 42% - 50% - 0:50
PK Defense
1 - 45% - 50% - 0:54
2 - 55% - 50% - 1:05
PK3 Forward
1 - 0% - 50%
2 - 0% - 50%
PK3 Defense
1 - 0% - 50%
2 - 0% - 50%
44 Forward
1 - 56% - 55% - 1:07
2 - 44% - 45% - 0:52
44 Defense
1 - 56% - 55% - 1:07
2 - 44% - 45% - 0:52
Last Minute Offensive  - 0:00
Last Minute Defensive  - 0:00
Total
Forward - 60:00
Defense - 60:00
% Time on Ice - SAN JOSE BRONCOS
Lines # - Real PCT - Wanted PCT - Time Play
Normal Forward
1 - 34% - 36% - 16:33
2 - 34% - 31% - 16:20
3 - 24% - 23% - 11:31
4 - 9% - 10% - 4:19
Normal Defense
1 - 34% - 36% - 16:34
2 - 34% - 31% - 16:31
3 - 26% - 23% - 12:48
4 - 6% - 10% - 2:50
PP Forward
1 - 48% - 55% - 0:57
2 - 52% - 45% - 1:02
PP Defense
1 - 52% - 55% - 1:02
2 - 48% - 45% - 0:57
PK Forward
1 - 66% - 55% - 4:51
2 - 34% - 45% - 2:28
PK Defense
1 - 48% - 55% - 3:31
2 - 52% - 45% - 3:48
PK3 Forward
1 - 0% - 55%
2 - 0% - 45%
PK3 Defense
1 - 0% - 55%
2 - 0% - 45%
44 Forward
1 - 73% - 55% - 1:27
2 - 27% - 45% - 0:32
44 Defense
1 - 45% - 55% - 0:53
2 - 55% - 45% - 1:06
Last Minute Offensive  - 0:00
Last Minute Defensive  - 0:00
Total
Forward - 60:00
Defense - 60:00
Play-by-Play 1st period 0:01 of 1st period - Clayton Keller wins face-off versus Mats Zuccarello in neutral zone. 0:16 of 1st period - Neal Pionk is hit by John Tavares and loses puck. 0:29 of 1st period - Shot by Clayton Keller. 0:29 of 1st period - Stopped by Jeremy Swayman without a rebound. 0:30 of 1st period - Joel Eriksson Ek wins face-off versus Alexander Kerfoot in BANFF WOLVES zone. 0:45 of 1st period - Shot by Alexander Kerfoot. 0:45 of 1st period - Stopped by Jeremy Swayman with a rebound. 0:46 of 1st period - Minor Penalty to Denis Gurianov for Interference. 0:47 of 1st period - Elias Lindholm wins face-off versus Clayton Keller in SAN JOSE BRONCOS zone. 1:16 of 1st period - Shot by Quinton Hughes. 1:16 of 1st period - Stopped by John Gibson without a rebound. 1:17 of 1st period - Joel Eriksson Ek wins face-off versus Clayton Keller in SAN JOSE BRONCOS zone. 1:20 of 1st period - Shot by Mats Zuccarello. 1:20 of 1st period - Stopped by John Gibson without a rebound. 1:21 of 1st period - Oliver Bjorkstrand wins face-off versus Tyler Toffoli in SAN JOSE BRONCOS zone. 1:38 of 1st period - Mats Zuccarello is hit by Clayton Keller and loses puck. 2:39 of 1st period - Shot by John Tavares. 2:39 of 1st period - Stopped by John Gibson without a rebound. 2:40 of 1st period - Elias Lindholm wins face-off versus Clayton Keller in SAN JOSE BRONCOS zone. 4:32 of 1st period - Alexander Kerfoot is hit by Joel Eriksson Ek and loses puck. 4:40 of 1st period - Off-side. 4:41 of 1st period - Elias Lindholm wins face-off versus Clayton Keller in neutral zone. 4:59 of 1st period - Shot by Mats Zuccarello. 4:59 of 1st period - Deflect By John Tavares. 4:59 of 1st period - Shot Blocked by Oliver Bjorkstrand. 5:08 of 1st period - Icing by Damon Severson. 5:09 of 1st period - Joel Eriksson Ek wins face-off versus Clayton Keller in SAN JOSE BRONCOS zone. 5:12 of 1st period - Shot by Roope Hintz. 5:12 of 1st period - Deflect By Joel Eriksson Ek. 5:12 of 1st period - Shot Misses the Net. 5:22 of 1st period - Shot by Roope Hintz. 5:22 of 1st period - Deflect By Joel Eriksson Ek. 5:22 of 1st period - Shot Misses the Net. 5:42 of 1st period - Shot by Roope Hintz. 5:42 of 1st period - Stopped by John Gibson without a rebound. 5:43 of 1st period - Tomas Nosek wins face-off versus Elias Lindholm in SAN JOSE BRONCOS zone. 5:54 of 1st period - Shot by Tomas Nosek. 5:54 of 1st period - Stopped by Jeremy Swayman without a rebound. 5:55 of 1st period - Ilya Usau wins face-off versus Jordan Staal in BANFF WOLVES zone. 6:00 of 1st period - Shot by Brett Leason. 6:00 of 1st period - Stopped by Jeremy Swayman without a rebound. 6:01 of 1st period - Elias Lindholm wins face-off versus Brett Leason in BANFF WOLVES zone. 6:08 of 1st period - Shot by Elias Lindholm. 6:08 of 1st period - Shot Blocked by Neal Pionk. 6:10 of 1st period - Shot by Quinton Hughes. 6:10 of 1st period - Shot Blocked by Jaccob Slavin. 6:30 of 1st period - Shot by Mats Zuccarello. 6:30 of 1st period - Stopped by John Gibson without a rebound. 6:31 of 1st period - Joel Eriksson Ek wins face-off versus Clayton Keller in SAN JOSE BRONCOS zone. 6:54 of 1st period - Shot by Joel Eriksson Ek. 6:54 of 1st period - Shot Misses the Net. 7:37 of 1st period - Alexander Kerfoot is hit by Elias Lindholm and loses puck. 7:44 of 1st period - Shot by Elias Lindholm. 7:44 of 1st period - Shot Misses the Net. 7:46 of 1st period - Shot by John Tavares. 7:46 of 1st period - Shot Blocked by Jaccob Slavin. 8:10 of 1st period - Shot by Quinton Hughes. 8:10 of 1st period - Stopped by John Gibson without a rebound. 8:11 of 1st period - Tomas Nosek wins face-off versus Jordan Staal in SAN JOSE BRONCOS zone. 9:16 of 1st period - Shot by Joel Eriksson Ek. 9:16 of 1st period - Stopped by John Gibson without a rebound. 9:17 of 1st period - Clayton Keller wins face-off versus Elias Lindholm in SAN JOSE BRONCOS zone. 9:29 of 1st period - Icing by Quinton Hughes. 9:30 of 1st period - Elias Lindholm wins face-off versus Cole Caufield in BANFF WOLVES zone. 9:38 of 1st period - Icing by Adam Pelech. 9:39 of 1st period - Joel Eriksson Ek wins face-off versus Alexander Kerfoot in SAN JOSE BRONCOS zone. 9:43 of 1st period - Icing by Adam Pelech. 9:44 of 1st period - Alexander Kerfoot wins face-off versus Joel Eriksson Ek in SAN JOSE BRONCOS zone. 10:10 of 1st period - Shot by Tyler Toffoli. 10:10 of 1st period - Stopped by John Gibson with a rebound. 10:33 of 1st period - Off-side. 10:34 of 1st period - Elias Lindholm wins face-off versus Clayton Keller in neutral zone. 10:53 of 1st period - Shot by John Tavares. 10:53 of 1st period - Stopped by John Gibson with a rebound. 10:55 of 1st period - Shot by Nick Leddy. 10:55 of 1st period - Stopped by John Gibson without a rebound. 10:56 of 1st period - Tomas Nosek wins face-off versus Jason Dickinson in SAN JOSE BRONCOS zone. 11:18 of 1st period - Icing by Jake Walman. 11:19 of 1st period - Elias Lindholm wins face-off versus Tomas Nosek in SAN JOSE BRONCOS zone. 13:40 of 1st period - Shot by Alexander Kerfoot. 13:40 of 1st period - Shot Misses the Net. 15:14 of 1st period - Icing by Jesper Bratt. 15:15 of 1st period - Clayton Keller wins face-off versus Jordan Staal in SAN JOSE BRONCOS zone. 16:15 of 1st period - Shot by Alexander Kerfoot. 16:15 of 1st period - Shot Misses the Net. 16:35 of 1st period - Jaccob Slavin is hit by Jordan Staal and loses puck. 17:08 of 1st period - John Tavares is hit by Jonathan Gruden and loses puck. 18:54 of 1st period - Icing by Elias Lindholm. 18:55 of 1st period - Elias Lindholm wins face-off versus Alexander Kerfoot in BANFF WOLVES zone. 18:55 of 1st period - Elias Lindholm is hit by Cole Caufield. 19:45 of 1st period - Shot by Roope Hintz. 19:45 of 1st period - Stopped by John Gibson without a rebound. 19:46 of 1st period - Clayton Keller wins face-off versus Jordan Staal in SAN JOSE BRONCOS zone. Goals for this period are 0 for BANFF WOLVES vs 0 for SAN JOSE BRONCOS. Shots for this period are 11 for BANFF WOLVES vs 4 for SAN JOSE BRONCOS. 2nd period 0:01 of 2nd period - Elias Lindholm wins face-off versus Clayton Keller in neutral zone. 0:03 of 2nd period - Quinton Hughes is hit by Neal Pionk and loses puck. 0:18 of 2nd period - Shot by Clayton Keller. 0:18 of 2nd period - Shot Blocked by Quinton Hughes. 0:36 of 2nd period - Shot by Jesper Bratt. 0:36 of 2nd period - Shot Misses the Net. 0:38 of 2nd period - Shot by Clayton Keller. 0:38 of 2nd period - Shot Misses the Net. 1:56 of 2nd period - Carl Grundstrom is hit by Tyler Toffoli and loses puck. 2:21 of 2nd period - Icing by Roope Hintz. 2:22 of 2nd period - Joel Eriksson Ek wins face-off versus Clayton Keller in BANFF WOLVES zone. 2:40 of 2nd period - Shot by Clayton Keller. 2:40 of 2nd period - Stopped by Jeremy Swayman without a rebound. 2:41 of 2nd period - Jordan Staal wins face-off versus Ilya Usau in BANFF WOLVES zone. 2:41 of 2nd period - Jordan Staal is hit by Ilya Usau. 3:27 of 2nd period - Icing by Jason Dickinson. 3:28 of 2nd period - Jordan Staal wins face-off versus Clayton Keller in BANFF WOLVES zone. 3:50 of 2nd period - Shot by Jesper Bratt. 3:50 of 2nd period - Stopped by Jeremy Swayman without a rebound. 3:51 of 2nd period - Alexander Kerfoot wins face-off versus Elias Lindholm in BANFF WOLVES zone. 4:02 of 2nd period - Shot by Elias Lindholm. 4:02 of 2nd period - Stopped by John Gibson without a rebound. 4:03 of 2nd period - Joel Eriksson Ek wins face-off versus Clayton Keller in SAN JOSE BRONCOS zone. 4:14 of 2nd period - Shot by Joel Eriksson Ek. 4:14 of 2nd period - Stopped by John Gibson with a rebound. 4:58 of 2nd period - Neal Pionk is hit by Roope Hintz and loses puck. 5:38 of 2nd period - Shot by Alexander Kerfoot. 5:38 of 2nd period - Stop